 Dungeon Crawl Stone Soup version 0.31-a0-833-gc15d34cb79 (webtiles) character file.

Game seed: 1124797451572814576

144 Kurtz the Chopper (level 5, 0/36 HPs)
             Began as an Octopode Fighter on Sept 25, 2023.
             Slain by an orc wizard
             ... wielding a +0 dagger
              (4 damage)
             ... on level 3 of the Dungeon.
             The game lasted 00:01:48 (2113 turns).

Kurtz the Chopper (Octopode Fighter)                Turns: 2113, Time: 00:01:48

Health: 0/36       AC:  1    Str: 18    XL:     5   Next: 26%
Magic:  5/5        EV: 13    Int: 13    God:
Gold:   192        SH:  4    Dex: 13    Spells: 4/4 levels left

rFire   . . .        k - +7 trident of Nyum {elec, *Corrode rC+ Int+3 Dex+2}
rCold   + . .        b - +0 buckler
rNeg    . . .        (helmet restricted)
rPois   +            (no amulet)
rElec   .            m - ring of poison resistance
rCorr   .            (no ring)
SInv    .            (no ring)
Will    .....        (no ring)
Stlth   ++           (no ring)
HPRegen 0.26/turn    (no ring)
MPRegen 0.09/turn    (no ring)
                     (no ring)

%: corrode self (3%)
@: no status effects
A: almost no armour, amphibious, 8 rings, camouflage 1, gelatinous body 1,
(nimble swimmer 1), tentacles
a: no special abilities


You were on level 3 of the Dungeon.
You visited 1 branch of the dungeon, and saw 4 of its levels.

You collected 192 gold pieces.

Inventory:

Hand Weapons
 a - a +0 war axe
 k - the +7 trident of Nyum (weapon) {elec, *Corrode rC+ Int+3 Dex+2}
   (You found it on level 2 of the Dungeon)

   Int+3:     It affects your intelligence (+3).
   Dex+2:     It affects your dexterity (+2).
   rC+:       It protects you from cold.
   *Corrode:  It may corrode you when you take damage.
Armour
 b - a +0 buckler (worn)
Jewellery
 m - a ring of poison resistance (left tentacle)
Scrolls
 d - a scroll of fog {unknown}
 f - 4 scrolls of teleportation {unknown}
 i - 2 scrolls of immolation {unknown}
 l - 2 scrolls of identify {unknown}
Potions
 c - 2 potions of might
 e - a potion of ambrosia {unknown}
 g - a potion of haste {unknown}
 h - 4 potions of curing {unknown}
 j - a potion of berserk rage {unknown}


   Skills:
 - Level 3.0 Fighting
 * Level 5.3 Axes
 - Level 3.0 Dodging
 - Level 3.0 Shields


You had 4 spell levels left.
You didn't know any spells.
Your spell library contained the following spells:

 Spells                   Type           Power      Damage    Failure   Level
 Volatile Blastmotes      Fire/Tloc      0%         2d10      75%         3
 Fulminant Prism          Conj/Hex       0%         3d5       98%         4
 Iskenderun's Mystic Bla  Conj/Tloc      0%         2d3       98%         4


Dungeon Overview and Level Annotations

Branches:
Dungeon (4/15)
 Temple: D:4-7

Altars:

Annotations:
D:3 3 runed translucent doors, Kurtz's ghost, amateur OpFi


Innate Abilities, Weirdness & Mutations

You cannot wear most types of armour.
You are amphibious.
You can wear up to eight rings at the same time.
Your skin changes colour to match your surroundings (Stealth+).
Your rubbery body absorbs attacks. (AC +1, EV +1)
((You are camouflaged when in or above water. (Stealth+)))
You have tentacles for arms and can constrict up to eight enemies at once.


Message History

There is a stone staircase leading down here.
The jackal bites you. x2
You climb downwards.
Something hits you.
Deactivating autopickup; reactivate with Ctrl-A.
Something hits you.
There is a stone staircase leading up here.
You puncture the jackal!
You kill the jackal!
Something hits you.
You hear some strange, mumbled words.
Something tries to affect you, but you resist.
The orc barely misses you.
You climb upwards.
Level annotation: 3 runed translucent doors, Kurtz's ghost, amateur OpFi Reactivating autopickup.
There is a stone staircase leading down here.
Deactivating autopickup; reactivate with Ctrl-A.
You barely miss something. Something hits you. The orc misses you.
You closely miss something. Something hits you.
The orc hits you with a +0 hand axe.
* * * LOW HITPOINT WARNING * * *
Unknown command.
You hit the orc. You grab the orc.
The orc is almost dead.
You constrict the orc.
You kill the orc!
Something hits you.
* * * LOW HITPOINT WARNING * * *
Unknown command.
You puncture something! Something barely misses you.
You closely miss something. Something hits you but does no damage.
Something hits you.
* * * LOW HITPOINT WARNING * * *
Reach: k) +7 trident of Nyum {elec, *Corrode rC+ Int+3 Dex+2}
Press: ? - help, Dir - move target You miss something.
Your squeeze misses something. Something barely misses you.
Reach: k) +7 trident of Nyum {elec, *Corrode rC+ Int+3 Dex+2}
Press: ? - help, Dir - move target You closely miss something.
Your squeeze misses something. Something hits you.
You die...

## ##### #.
#@{.#### #.
#.)....# #.
#.#.##.##########.
#.#.##...)......#.
#.#.####........'.
#####.#.#
##..)....#.
#.......#
#.......#.
#.###.###
#.......#.
#.###'##
#.......#.


There were no monsters in sight!

Vanquished Creatures
  3 gnolls (D:3)
  3 adders
  A worm (D:2)
  2 dart slugs
  4 orcs
  6 ball pythons
  5 endoplasms
  4 giant cockroaches
  5 goblins
  5 hobgoblins
  9 jackals
  2 quokkas
  7 bats
  3 frilled lizards
  9 kobolds
  3 rats
71 creatures vanquished.

Notes
Turn   | Place    | Note
-------+----------+-------------------------------------------
     0 | D:1      | Kurtz the Octopode Fighter began the quest for the Orb.
     0 | D:1      | Reached XP level 1. HP: 16/16 MP: 1/1
   131 | D:1      | Reached XP level 2. HP: 21/21 MP: 2/2
   274 | D:1      | Reached skill level 3 in Axes
   516 | D:1      | Reached XP level 3. HP: 25/26 MP: 3/3
   769 | D:2      | Identified the +7 trident of Nyum {elec, *Corrode rC+ Int+3
                  | Dex+2}
  1023 | D:2      | Reached skill level 4 in Axes
  1135 | D:2      | Reached XP level 4. HP: 28/31 MP: 4/4
  1507 | D:3      | Reached skill level 5 in Axes
  1529 | D:3      | Reached XP level 5. HP: 36/36 MP: 5/5
  1626 | D:3      | Found a faded altar of an unknown god.
  1922 | D:3      | Found a runed translucent gate.
  1922 | D:3      | Found a runed translucent gate.
  1922 | D:3      | Found a runed translucent gate.
  1923 | D:3      | Noticed Kurtz's ghost (amateur OpFi)
  2081 | D:4      | Noticed a black bear
  2113 | D:3      | Slain by an orc wizard

Illustrated notes

Levels and vault maps discovered:
D:1:      elethiomel_arrival_shortcut, layout_loops_ring, due_unseen_surprise
D:2:      kennysheep_big_flooded_room, layout_rooms
D:3:      layout_basic, ebering_ghost_rock_garden,
          dilly_ecumenical_altar_fadedgnrine, minmay_large_rounded_square
D:4:      layout_rooms, nicolae_sif_muna_condensation, serial_shops, shop,
          minmay_misc_feat_alley, kennysheep_generic_room_5

Skill      XL: |  1  2  3  4 |
---------------+-------------+-----
Axes           | 3 4 5 |  5.3
Fighting       | |  3.0
Dodging        | |  3.0
Shields        | |  3.0

Action                     |  1- 3 |  4- 6 || total
---------------------------+-------+-------++-------
  Melee: War axe           |    51 |       ||    51
         Tentacles         |    12 |     6 ||    18
         Constrict         |    13 |    10 ||    23
         Trident           |    20 |    52 ||    72
         Punch             |     1 |       ||     1
   Stab: Sleeping          |     7 |     8 ||    15
         Distracted        |       |     1 ||     1
 Armour: Skin              |    22 |    23 ||    45
  Dodge: Dodged            |    46 |    27 ||    73
  Block: Buckler           |    19 |    12 ||    31

Table legend: (Time is in decaauts)
 A = Elapsed time spent in this place.
 B = Non-inter-level travel time spent in this place.
 C = Inter-level travel time spent in this place.
 D = Time resting spent in this place.
 E = Time spent auto-exploring this place.
 F = Levels seen in this place.
 G = Mean time per level.
                   A        B        C        D        E       F      G
               +--------+--------+--------+--------+--------+-----+--------+
         Total |   2147 |   1960 |    187 |     96 |   1463 |   4 |  536.8 |
       Dungeon |   2147 |   1960 |    187 |     96 |   1463 |   4 |  536.8 |
               +--------+--------+--------+--------+--------+-----+--------+

Top non-repeatable levels by time:
     D:3: 894 daAuts
     D:1: 703 daAuts
     D:2: 471 daAuts
     D:4: 78 daAuts
